 Dungeon Crawl Stone Soup version 0.28.0-53-g5a82cb258f (webtiles) character file.

Game seed: 3562000017202106577

1166 infcreate the Covert (level 8, -3/41 HPs)
             Began as a Vampire Enchanter on July 28, 2022.
             Was an Initiate of Dithmenos.
             Slain by an orc warrior (13 damage)
             ... on level 6 of the Dungeon.
             The game lasted 00:11:12 (6402 turns).

infcreate the Covert (Vampire Enchanter)            Turns: 6402, Time: 00:11:13

Health: -3/41      AC:  3    Str:  7    XL:     8   Next: 17%
Magic:  7/14       EV: 14    Int: 17    God:    Dithmenos [......]
Gold:   277        SH:  0    Dex: 17    Spells: 4/15 levels left

rFire   . . .      SeeInvis +   a - +1 dagger
rCold   + + .      Faith    .   (no shield)
rNeg    + + +      Spirit   .   p - +1 robe {Will+}
rPois   ∞          Reflect  .   (no helmet)
rElec   .          Harm     .   (no cloak)
rCorr   .          Rampage  .   (no gloves)
Will    +....                   (no boots)
Stlth   ++++++....              (no amulet)
HPRegen 0.00/turn               (no ring)
MPRegen 0.14/turn               (no ring)

@: bloodless, inhibited regen
A: bloodless, fangs 3, see invisible, vampiric 2
a: Bat Form, Revivify, Renounce Religion


You were on level 6 of the Dungeon.
You worshipped Dithmenos.
Dithmenos was noncommittal.
You visited 1 branch of the dungeon, and saw 6 of its levels.

You collected 277 gold pieces.


Innate Abilities, Weirdness & Mutations

You do not regenerate when monsters are visible.
You are frail without blood (-20% HP).
You can heal yourself when you bite living creatures.
You are immune to poison.
You have razor-sharp teeth.
You have supernaturally acute eyesight. (SInv)
You are afflicted with vampirism and can become a bat while bloodless.


   Skills:
 + Level 4.7 Short Blades
 + Level 5.2 Dodging
 + Level 8.1 Stealth
 + Level 4.3 Spellcasting
 + Level 7.6 Hexes


You had 4 spell levels left.
You knew the following spells:

 Your Spells              Type           Power      Damage    Failure   Level
c - Confusing Touch       Hex            29%        N/A       1%          3
d - Tukima's Dance        Hex            29%        N/A       1%          3
e - Ensorcelled Hibernat  Hex/Ice        32%        N/A       4%          2
f - Dazzling Flash        Conj/Hex       32%        N/A       10%         3

Your spell library contained the following spells:

 Spells                   Type           Power      Damage    Failure   Level


Inventory:

Hand Weapons
 a - a +1 dagger (weapon)
Armour
 p - a +1 robe of willpower (worn)
Magical Staves
 l - a staff of fire {!a}
Scrolls
 b - a scroll of enchant weapon {unknown}
 d - 3 scrolls of teleportation {@r2}
 e - a scroll of noise {unknown}
 f - a scroll of summoning {unknown}
 j - a scroll of amnesia {unknown}
 m - 3 scrolls of identify {unknown}
 n - a scroll of magic mapping {unknown}
 q - a scroll of immolation {unknown}
 r - a scroll of blinking {unknown}
Potions
 c - a potion of invisibility
 g - 3 potions of heal wounds {@q2}
 h - a potion of degeneration {unknown}
 i - 2 potions of curing {unknown}
 k - 2 potions of brilliance {unknown}
 o - 2 potions of attraction {unknown}

Dungeon Overview and Level Annotations

Branches:
Dungeon (6/15)             Temple (0/1) D:6

Altars:
Dithmenos
Okawaru
Uskayaw
Wu Jian
Yredelemnul

Shops:
D:1 [

Annotations:
D:5 3 runed translucent doors, kthxbai's ghost, amateur FoAK; mcbry74's ghost, amateur GnAM; muxecoid's ghost, weakling FoDe; shugdite's ghost, novice MiFi

...... ...[.......
#...... .......(..##
#...... .###......##
#......#####.###......##
>........Z...##........
.............##........
#.........##........
#.........#####.....
#.o@{.....+ #.....
#.........# ###....
#.........# .......
#.........#####.....
#######.............
#.............
#.............
#..........##.
#.............


You could see an orc warrior (confused, ally target), a water moccasin skeleton
(confused) and a friendly +0 scimitar.


Message History

The water moccasin skeleton closely misses you.
Your +0 scimitar hits the orc warrior but does no damage.
You hit the orc warrior.
You bite the orc warrior, but do no damage.
The orc warrior is severely wounded.
The water moccasin skeleton bites you but does no damage.
Casting: Tukima's Dance (safe; 1% risk of failure)
Confirm with . or Enter, or press ? or * to list all spells.
Your hands begin to glow red.
The orc warrior hits you.
Your +0 scimitar hits the orc warrior!
The water moccasin skeleton bites you!
* * * LOW HITPOINT WARNING * * *
You hit the water moccasin skeleton but do no damage.
The water moccasin skeleton misses you.
Your +0 scimitar hits the orc warrior but does no damage.
You hit the water moccasin skeleton but do no damage.
The water moccasin skeleton appears confused.
You bite the water moccasin skeleton.
The water moccasin skeleton is lightly damaged.
The orc warrior hits you!
* * * LOW HITPOINT WARNING * * *
You are too injured to fight recklessly!
You hit the orc warrior but do no damage.
The orc warrior is almost dead.
Your +0 scimitar hits the orc warrior.
You hit the orc warrior but do no damage.
The orc warrior is almost dead.
Found a staircase to the Ecumenical Temple.
The water moccasin skeleton bites itself.
The orc warrior hits you!
You die...

Skill      XL: |  1  2  3  4  5  6  7  8 |
---------------+-------------------------+-----
Stealth        | 5 6 7 8 |  8.1
Short Blades   | 2 3 4 |  4.7
Hexes          | 5 6 7 |  7.6
Dodging        | 3 4 5 |  5.2
Spellcasting   | 3 4 |  4.3

Action                   |  1- 3 |  4- 6 |  7- 9 || total
-------------------------+-------+-------+-------++-------
Melee: Dagger            |   105 |   145 |   105 ||   355
       Bite              |     8 |    19 |    16 ||    43
       Punch             |     2 |     1 |     1 ||     4
 Cast: Ensorcelled Hiber |    23 |    17 |     8 ||    48
       Confusing Touch   |     1 |    20 |    11 ||    32
       Tukima's Dance    |       |     6 |     1 ||     7
 Abil: Exsanguinate      |     1 |       |       ||     1
  Use: Scroll            |       |     1 |       ||     1
 Stab: Sleeping          |    37 |    23 |     8 ||    68
       Confused          |       |     9 |     9 ||    18
Armor: Robe              |    19 |     5 |    16 ||    40
Dodge: Dodged            |    58 |    69 |    54 ||   181

Levels and vault maps discovered:
D:1:      lemuel_arrival_room, layout_basic, dreamdust_ecumenical_altar_grove,
          serial_shops, shop
D:2:      layout_basic, grunt_decor_one_mirror
D:3:      layout_basic, nicolae_yredelemnul_corpse_copse,
          okawaru_altar_gauntlet_db
D:4:      layout_cave_pods, mainiacjoe_overflow_24_doors, minmay_goblin_outpost
D:5:      layout_cave_pools, gammafunk_ghost_cemetery, uniq_sigmund
D:6:      layout_basic, nicolae_dithmenos_the_darkroom,
          nicolae_wu_jian_wuxing_cycle

Notes
Turn   | Place    | Note
-------+----------+-------------------------------------------
     0 | D:1      | infcreate the Vampire Enchanter began the quest for the
                  | Orb.
     0 | D:1      | Reached XP level 1. HP: 13/13 MP: 3/3
   169 | D:1      | Reached XP level 2. HP: 15/15 MP: 5/5
   173 | D:1      | Learned a level 2 spell: Ensorcelled Hibernation
   193 | D:1      | Found Ynuopri Mise's Antique Armour Boutique.
   287 | D:1      | HP: 1/15 [jackal (1)]
   589 | D:1      | Found a faded altar of an unknown god.
  1112 | D:2      | Gained mutation: You are afflicted with vampirism and can
                  | become a bat while bloodless. [Vampire growth]
  1112 | D:2      | Reached XP level 3. HP: 19/19 MP: 6/6
  1857 | D:2      | Reached skill level 5 in Stealth
  2009 | D:3      | Learned a level 3 spell: Confusing Touch
  2015 | D:3      | Reached skill level 2 in Short Blades
  2015 | D:3      | Reached skill level 5 in Hexes
  2325 | D:3      | Reached XP level 4. HP: 24/24 MP: 7/7
  2458 | D:3      | Reached skill level 3 in Dodging
  2994 | D:3      | Found a basalt altar of Yredelemnul.
  3447 | D:3      | Found an iron altar of Okawaru.
  3525 | D:3      | Reached XP level 5. HP: 28/28 MP: 5/9
  3529 | D:3      | Learned a level 3 spell: Tukima's Dance
  3638 | D:4      | Noticed a necrophage
  3748 | D:4      | Found a hide-covered altar of Uskayaw.
  4853 | D:5      | Entered Level 5 of the Dungeon
  4855 | D:5      | Noticed a phantom
  4941 | D:5      | Noticed Sigmund
  5055 | D:5      | Killed Sigmund
  5056 | D:5      | Reached skill level 3 in Short Blades
  5056 | D:5      | Reached skill level 6 in Stealth
  5056 | D:5      | Reached skill level 3 in Spellcasting
  5056 | D:5      | Reached skill level 6 in Hexes
  5056 | D:5      | Reached XP level 6. HP: 32/32 MP: 10/10
  5111 | D:5      | Reached skill level 4 in Dodging
  5165 | D:5      | Noticed a water moccasin
  5261 | D:5      | Reached XP level 7. HP: 36/36 MP: 12/12
  5265 | D:5      | Learned a level 3 spell: Dazzling Flash
  5418 | D:5      | Reached skill level 7 in Stealth
  5585 | D:5      | Reached skill level 4 in Short Blades
  5622 | D:5      | Found a runed translucent gate.
  5622 | D:5      | Found a runed translucent gate.
  5622 | D:5      | Found a runed translucent gate.
  5623 | D:5      | Noticed shugdite's ghost (novice MiFi)
  5624 | D:5      | Noticed mcbry74's ghost (amateur GnAM)
  5624 | D:5      | Noticed kthxbai's ghost (amateur FoAK)
  5624 | D:5      | Noticed shugdite's ghost (novice MiFi)
  5624 | D:5      | Noticed muxecoid's ghost (weakling FoDe)
  5857 | D:6      | Found a shadowy altar of Dithmenos.
  5867 | D:5      | Reached skill level 7 in Hexes
  5896 | D:6      | Reached skill level 4 in Spellcasting
  5913 | D:6      | Reached skill level 5 in Dodging
  5998 | D:6      | Became a worshipper of Dithmenos the Shadowed
  6068 | D:6      | Reached XP level 8. HP: 27/41 MP: 9/14
  6075 | D:6      | Reached skill level 8 in Stealth
  6235 | D:6      | Found an ornate altar of the Wu Jian Council.
  6401 | D:6      | Found a staircase to the Ecumenical Temple.
  6402 | D:6      | Slain by an orc warrior

Vanquished Creatures
  Sigmund (D:5)
  2 water moccasins
  An ogre (D:5)
  2 centaurs (D:6)
  A kobold brigand (D:5)
  A phantom (D:5)
  A scorpion (D:6)
  A water moccasin zombie (D:5)
  2 hounds
  A hound zombie (D:3)
  4 gnolls
  3 adders (D:3)
  A white imp (D:5)
  An ufetubus (D:6)
  3 adder zombies (D:3)
  A worm (D:4)
  2 dart slugs
  12 orcs
  8 bats
  10 endoplasms
  4 giant cockroaches
  10 goblins
  9 hobgoblins
  7 jackals
  6 quokkas
  3 ball pythons
  5 frilled lizards
  11 kobolds
  4 rats
117 creatures vanquished.

Vanquished Creatures (collateral kills)
  A gnoll (D:4)
1 creature vanquished.

Vanquished Creatures (others)
  2 dancing weapons (D:4)
2 creatures vanquished.

Grand Total: 120 creatures vanquished

Table legend: (Time is in decaauts)
 A = Elapsed time spent in this place.
 B = Non-inter-level travel time spent in this place.
 C = Inter-level travel time spent in this place.
 D = Time resting spent in this place.
 E = Time spent auto-exploring this place.
 F = Levels seen in this place.
 G = Mean time per level.
                   A        B        C        D        E       F      G
               +--------+--------+--------+--------+--------+-----+--------+
         Total |   6362 |   5997 |    365 |    753 |   3944 |   6 | 1060.3 |
       Dungeon |   6362 |   5997 |    365 |    753 |   3944 |   6 | 1060.3 |
               +--------+--------+--------+--------+--------+-----+--------+

Top non-repeatable levels by time:
     D:3: 1486 daAuts
     D:4: 1460 daAuts
     D:2: 1100 daAuts
     D:1: 1048 daAuts
     D:5: 758 daAuts
     D:6: 508 daAuts

Table legend:
 A = Non-vault XP
 B = Vault XP
 C = Vault XP percentage of total XP
 D = Non-vault monster count
 E = Vault monster count
 F = Vault count percentage of total count
                 A         B        C        D         E       F
            +---------+---------+-------+---------+---------+-------
      Total |    1359 |     307 |  18.4 |     100 |      18 |  15.3
            +---------+---------+-------+---------+---------+-------
        D:1 |      39 |       0 |   0.0 |      22 |       0 |   0.0
        D:2 |      30 |       0 |   0.0 |      18 |       0 |   0.0
        D:3 |      60 |      67 |  52.8 |      14 |      10 |  41.7
        D:4 |      87 |      13 |  13.0 |      17 |       7 |  29.2
        D:5 |     614 |     227 |  27.0 |      18 |       1 |   5.3
        D:6 |     529 |       0 |   0.0 |      11 |       0 |   0.0
            +---------+---------+-------+---------+---------+-------
